 Dungeon Crawl Stone Soup version 0.30-a0-879-ga8ba668304 (webtiles) character file.

Game seed: 16481958496155460972

33 Indecide the Grasshopper (level 3, 18/18 HPs)
             Began as a Spriggan Warper on Mar 13, 2023.
             Quit the game on level 2 of the Dungeon.
             The game lasted 00:15:07 (1362 turns).

Indecide the Grasshopper (Spriggan Warper)          Turns: 1362, Time: 00:15:08

Health: 18/18      AC:  2    Str:  7    XL:     3   Next: 12%
Magic:  8/8        EV: 18    Int: 14    God:
Gold:   43         SH:  5    Dex: 16    Spells: 5/7 levels left

rFire   . . .      SeeInvis +    l - +1 dagger (vamp)
rCold   . . .      Faith    .    (no shield)
rNeg    . . .      Spirit   .    i - +0 robe of Duck's Teeth {Slay+2}
rPois   .          Reflect  +    (helmet restricted)
rElec   .          Rampage  .    (no cloak)
rCorr   .                        (gloves unavailable)
Will    .....                    (boots unavailable)
Stlth   ++                       f - amulet of reflection
HPRegen 0.23/turn                (no ring)
MPRegen 0.11/turn                (no ring)

@: very quick
A: very small, no large weapons, unfitting armour, see invisible, speed 3
a: no special abilities


You were on level 2 of the Dungeon.
You visited 1 branch of the dungeon, and saw 2 of its levels.

You collected 43 gold pieces.

Inventory:

Hand Weapons
 l - a +1 vampiric dagger (weapon)
Missiles
 d - 7 boomerangs of dispersal
 j - 2 poisoned darts (quivered)
 m - 5 stones
Armour
 i - the +0 robe of Duck's Teeth (worn) {Slay+2}
   (You found it on level 2 of the Dungeon)

   Slay:      It affects your accuracy & damage with ranged weapons and melee
   (+2).
Jewellery
 f - an amulet of reflection (around neck)
Wands
 n - a wand of paralysis (11)
Scrolls
 a - a scroll of magic mapping {unknown}
 b - a scroll of identify {unknown}
 c - a scroll of blinking
 e - a scroll of noise {unknown}
 k - 2 scrolls of teleportation
Potions
 g - a potion of attraction {unknown}
 h - 2 potions of brilliance {unknown}


   Skills:
 + Level 1.9 Fighting
 + Level 2.3 Short Blades
 + Level 1.0 Throwing
 + Level 4.0 Dodging
 + Level 0.2 Stealth
 + Level 0.2 Shields
 + Level 2.7 Spellcasting
 + Level 4.9 Translocations


You had 5 spell levels left.
You knew the following spells:

 Your Spells              Type           Power      Damage    Failure   Level
a - Blink                 Tloc           30%        N/A       4%          2

Your spell library contained the following spells:

 Spells                   Type           Power      Damage    Failure   Level
 Lesser Beckoning         Tloc           30%        N/A       4%          2
 Teleport Other           Tloc           15%        N/A       9%          3
 Vhi's Electric Charge    Tloc/Air       16%        N/A       24%         3
 Manifold Assault         Tloc           15%        N/A       28%         4
 Freezing Cloud           Conj/Ice/Air   0%         6-21      99%         5
 Simulacrum               Ice/Necr       0%         N/A       100%        6
 Polar Vortex             Ice            0%         N/A       100%        9


Dungeon Overview and Level Annotations

Branches:
Dungeon (2/15)

Altars:
Cheibriados


Innate Abilities, Weirdness & Mutations

You are very small and have problems with some larger weapons.
You are too small for most types of armour.
You have supernaturally acute eyesight. (SInv)
You cover ground extremely quickly. (Speed+++)


Message History

You closely miss the bat. You block the bat's attack.
Hit: l) +1 dagger (vamp)
Press: ? - help, Dir - move target, f/p - bat
Aim: a bat (about 43% to evade your +1 vampiric dagger)
You hit the bat but do no damage. The bat closely misses you.
The bat misses you.
Hit: l) +1 dagger (vamp)
Press: ? - help, Dir - move target, f/p - bat
Aim: a bat (about 43% to evade your +1 vampiric dagger)
You hit the bat.
The bat is heavily wounded.
The bat misses you. You block the bat's attack.
You see here a poisoned dart.
Hit: l) +1 dagger (vamp)
Press: ? - help, Dir - move target, f/p - bat
Aim: a bat (moderately wounded, about 43% to evade your +1 vampiric dagger)
You barely miss the bat.
The bat is moderately wounded.
The bat barely misses you. The bat closely misses you.
Hit: l) +1 dagger (vamp)
Press: ? - help, Dir - move target, f/p - bat
Aim: a bat (moderately wounded, about 43% to evade your +1 vampiric dagger)
You hit the bat.
You kill the bat!
You see here a bat corpse.
You see here a bat corpse.
j - 2 poisoned darts (gained 1)
You see here a bat corpse.
Found a club.
Found a snail-covered altar of Cheibriados.
Found a robe.
There is a snail-covered altar of Cheibriados here.
You kneel at the altar of Cheibriados.
Found 5 stones.
You see here 5 stones.
m - 5 stones
n - a wand of paralysis (11)
Found a stone staircase leading down.
Are you sure you want to abandon this character and quit the game? (Confirm with "yes".)

#....# #....# #....#
#### ....# #... .. #.#.#
..### ... #.#.####.#
......
###...##...##.#....
#.@..............
#.##...#.####..# # ...
#...#...#..#####
#...#.....###...# #...
.....##..#.###...###.##
#.###>#...............##
# ###...#####.##......##
....# ###..####....##
#.####...## #..#...


There were no monsters in sight!

Vanquished Creatures
  An adder (D:2)
  A bat (D:2)
  2 endoplasms
  3 giant cockroaches
  4 goblins
  A hobgoblin (D:1)
  3 quokkas (D:1)
  A ball python (D:2)
  2 frilled lizards (D:1)
  4 rats
22 creatures vanquished.

Notes
Turn   | Place    | Note
-------+----------+-------------------------------------------
     0 | D:1      | Indecide the Spriggan Warper began the quest for the Orb.
     0 | D:1      | Reached XP level 1. HP: 10/10 MP: 5/5
   422 | D:1      | Reached XP level 2. HP: 10/15 MP: 6/6
   428 | D:1      | Learned a level 2 spell: Blink
  1143 | D:2      | Reached XP level 3. HP: 15/18 MP: 8/8
  1208 | D:2      | Identified the +0 robe of Duck's Teeth {Slay+2}
  1295 | D:2      | Found a snail-covered altar of Cheibriados.
  1362 | D:2      | Quit the game

Illustrated notes

Levels and vault maps discovered:
D:1:      scummos_arrival_star, layout_basic, hex_tiny
D:2:      layout_rooms, basic_altar

Skill      XL: |  1  2  3 |
---------------+----------+-----
Dodging        | 4 |  4.0
Fighting       | |  1.9
Short Blades   | |  2.3
Throwing       | |  1.0
Stealth        | |  0.2
Shields        | |  0.2
Spellcasting   | |  2.7
Translocations | |  4.9

Action                     || total
---------------------------++-------
  Melee: Dagger            ||    98
         Short sword       ||     8
         Punch             ||     2
  Throw: Stone             ||     1
         Dart              ||     8
    Use: Scroll            ||     1
 Armour: Robe              ||     6
  Dodge: Dodged            ||    55
  Block: Other             ||    20

Table legend: (Time is in decaauts)
 A = Elapsed time spent in this place.
 B = Non-inter-level travel time spent in this place.
 C = Inter-level travel time spent in this place.
 D = Time resting spent in this place.
 E = Time spent auto-exploring this place.
 F = Levels seen in this place.
 G = Mean time per level.
                   A        B        C        D        E       F      G
               +--------+--------+--------+--------+--------+-----+--------+
         Total |    909 |    909 |      0 |     30 |    227 |   2 |  454.5 |
       Dungeon |    909 |    909 |      0 |     30 |    227 |   2 |  454.5 |
               +--------+--------+--------+--------+--------+-----+--------+

Top non-repeatable levels by time:
     D:1: 710 daAuts
     D:2: 199 daAuts
